 Dungeon Crawl Stone Soup version 0.30-b1-2-g02819fbbbe (webtiles) character file.

Game seed: 10378640827350856123

1684 nightchill the Cleaver (level 9, -2/78 (82) HPs)
             Began as a Hill Orc Fighter on Dec 25, 2023.
             Was an Initiate of Hepliaklqana.
             Slain by a wight
             ... wielding a +3 great sword
              (13 damage)
             ... on level 6 of the Dungeon.
             The game lasted 00:12:11 (6421 turns).

nightchill the Cleaver (Hill Orc Fighter)           Turns: 6421, Time: 00:12:11

HP:   -2/78 (82)    AC: 11    Str: 23    XL:     9   Next: 2%
MP:   9/9           EV:  6    Int:  8    God:    Hepliaklqana [......]
Gold: 228           SH:  4    Dex: 10    Spells: 8/8 levels left

rFire   . . .        a - +0 war axe
rCold   . . .        c - +0 buckler
rNeg    . . .        j - +0 plate armour
rPois   .            (no helmet)
rElec   .            (no cloak)
rCorr   .            (no gloves)
SInv    .            (no boots)
Will    .....        (no amulet) Stlth
                     (no ring)
HPRegen 0.33/turn    (no ring)
MPRegen 0.11/turn

%: no passive effects
@: lightly drained
A: no striking features
a: Renounce Religion


You were on level 6 of the Dungeon.
You worshipped Hepliaklqana.
Hepliaklqana was noncommittal.
You visited 2 branches of the dungeon, and saw 7 of its levels.

You collected 228 gold pieces.

Inventory:

Hand Weapons
 a - a +0 war axe (weapon)
 k - the +12 sling of Agony {heavy, rF+ Int+3}
   (You found it on level 3 of the Dungeon)

   Int:       It affects your intelligence (+3).
   rF:        It protects you from fire.
Missiles
 x - 3 curare-tipped darts (quivered)
Armour
 b - a +0 scale mail
 c - a +0 buckler (worn)
 i - a scarf of invisibility
 j - a +0 plate armour (worn)
 l - an orb of mayhem
Magical Staves
 y - a staff of fire
Jewellery
 o - a ring of fire
Wands
 r - a wand of flame (13)
Scrolls
 f - 3 scrolls of teleportation
 h - a scroll of blinking
 m - a scroll of magic mapping
 q - a scroll of acquirement {unknown}
 s - a scroll of vulnerability {unknown}
 t - a scroll of identify {unknown}
 w - a scroll of amnesia {unknown}
 z - a scroll of enchant armour {unknown}
Potions
 d - a potion of might
 e - 5 potions of curing {unknown}
 g - 2 potions of degeneration {unknown}
 n - 2 potions of attraction {unknown}
 p - a potion of haste {unknown}
 u - a potion of heal wounds {unknown}
 v - a potion of mutation {unknown}
 A - a potion of resistance {unknown}


   Skills:
 + Level 8.5 Fighting
 * Level 12.1 Axes
 - Level 3.2 Armour
 - Level 3.2 Shields


You had 8 spell levels left.
You didn't know any spells.
Your spell library contained the following spells:

 Spells                   Type           Power      Damage    Failure   Level
 Apportation              Tloc           0%         N/A       100%        1
 Necrotise                Necr           0%         1d4       100%        1
 Summon Small Mammal      Summ           0%         N/A       100%        1
 Blink                    Tloc           0%         N/A       100%        2
 Ensorcelled Hibernation  Hex/Ice        0%         N/A       100%        2
 Lesser Beckoning         Tloc           0%         N/A       100%        2
 Momentum Strike          Conj/Tloc      0%         3d8       100%        2
 Spider Form              Tmut/Pois      0%         N/A       100%        3
 Vhi's Electric Charge    Tloc/Air       0%         N/A       100%        3
 Anguish                  Hex/Necr       0%         N/A       100%        4
 Arcjolt                  Conj/Air       0%         1d10      100%        5
 Conjure Ball Lightning   Conj/Air       0%         3x3d6     100%        6
 Discord                  Hex            0%         N/A       100%        8
 Disjunction              Tloc           0%         N/A       100%        8
 Maxwell's Capacitive Co  Air            0%         ∞         100%        8


Dungeon Overview and Level Annotations

Branches:
Dungeon (6/15)             Temple (1/1) D:6

Altars:
Cheibriados
Dithmenos
Elyvilon
Fedhas
Hepliaklqana
Okawaru
Qazlal
Ru
Vehumet
Yredelemnul
Zin
The Shining One

Shops:
D:5 *

Annotations:
D:3 2 transporters, naiii's ghost, amateur DECj
D:5 exclusion: downstairs


Message History

Things that are here:
a +0 halberd; a +0 robe The wight hits you with a +3 spear of freezing!
* * * LOW HITPOINT WARNING * * *
The wight freezes you.
* * * LOW HITPOINT WARNING * * *
You hit the wight but do no damage.
The wight is lightly damaged.
The wight hits you with a +3 spear of freezing.
* * * LOW HITPOINT WARNING * * *
The wight freezes you.
* * * LOW HITPOINT WARNING * * *
You barely miss the wight.
The wight is lightly damaged.
The wight hits you but does no damage.
You slash the wight!
The wight is severely damaged.
The wight hits you with a +3 spear of freezing.
* * * LOW HITPOINT WARNING * * *
You feel drained.
* * * LOW HITPOINT WARNING * * *
The wight freezes you.
* * * LOW HITPOINT WARNING * * *
You slash the wight!
You destroy the wight!
You have reached level 9!
Your experience leads to an increase in your attributes!
Increase (s)trength, (i)ntelligence, or (d)exterity?
You feel stronger. x2
You hit the wight but do no damage.
The wight is almost destroyed.
You block the wight's attack.
You barely miss the wight.
The wight is almost destroyed.
The wight hits you with a +3 great sword.
* * * LOW HITPOINT WARNING * * *
You closely miss the wight.
The wight is almost destroyed.
The wight hits you with a +3 great sword!
You die...

#########
#........
###.#######
##########...#
#
#.z@).)....#.#
# #########
#.########...#
#### .<.......
...
#...####...
.######## ####
#......÷... z#
#...####.). z#
##..# #... z#
#..# #>.. .#
..# #... .#
#..####..#


You could see a wight.

Vanquished Creatures
  Menkaure (D:4)
  Edmund (D:4)
  A black bear (D:5)
  4 ogres
  A phantom (D:6)
  A bullfrog (D:6)
  3 scorpions (D:5)
  3 wights (D:6)
  3 jellies
  A gnoll bouda (D:5)
  A sleepcap (D:5)
  Ijyb (D:4)
  3 iguanas
  2 orc wizards
  8 gnolls
  10 adders
  A shadow imp (D:6)
  An ufetubus (D:4)
  8 orcs
  7 endoplasms
  A giant cockroach (D:4)
  10 goblins
  6 hobgoblins
  4 jackals (D:1)
  4 quokkas
  7 ball pythons
  7 bats
  4 frilled lizards
  8 kobolds
  4 rats
116 creatures vanquished.

Notes
Turn   | Place    | Note
-------+----------+-------------------------------------------
     0 | D:1      | nightchill the Hill Orc Fighter began the quest for the
                  | Orb.
     0 | D:1      | Reached XP level 1. HP: 19/19 MP: 1/1
    35 | D:1      | Reached skill level 3 in Axes
    43 | D:1      | Reached XP level 2. HP: 22/27 MP: 2/2
   163 | D:1      | Reached skill level 4 in Axes
   163 | D:1      | Reached XP level 3. HP: 16/33 MP: 3/3
  1084 | D:2      | Reached XP level 4. HP: 41/41 MP: 4/4
  1170 | D:2      | Reached skill level 5 in Axes
  1556 | D:3      | Reached XP level 5. HP: 17/47 MP: 5/5
  1718 | D:3      | Found a faded altar of an unknown god.
  1781 | D:3      | Identified the +12 sling of Agony {heavy, rF+ Int+3}
  1914 | D:3      | Found a transporter.
  1922 | D:3      | Noticed naiii's ghost (amateur DECj)
  1925 | D:3      | Found a transporter.
  2162 | D:3      | Reached skill level 5 in Fighting
  2516 | D:3      | Reached skill level 6 in Axes
  3170 | D:4      | Noticed Ijyb
  3174 | D:4      | Noticed Edmund
  3175 | D:4      | Noticed Menkaure
  3180 | D:4      | Killed Ijyb
  3181 | D:4      | Reached XP level 6. HP: 55/56 MP: 6/6
  3184 | D:4      | Killed Edmund
  3185 | D:4      | Reached skill level 7 in Axes
  3189 | D:4      | Killed Menkaure
  3190 | D:4      | Reached skill level 8 in Axes
  3190 | D:4      | Reached XP level 7. HP: 63/63 MP: 7/7
  3737 | D:5      | Entered Level 5 of the Dungeon
  4172 | D:5      | Reached skill level 9 in Axes
  4366 | D:5      | Reached XP level 8. HP: 18/73 MP: 8/8
  4635 | D:5      | Found Kiliate's General Store.
  4722 | D:4      | Reached skill level 10 in Axes
  5277 | D:5      | Found the +6 shillelagh "Devastator" {shatter}
  6055 | D:6      | Reached skill level 11 in Axes
  6093 | D:6      | Found a staircase to the Ecumenical Temple.
  6100 | Temple   | Entered the Ecumenical Temple
  6187 | Temple   | Became a worshipper of Hepliaklqana the Forgotten
  6286 | D:6      | Found a blossoming altar of Fedhas.
  6384 | D:6      | Reached skill level 12 in Axes
  6419 | D:6      | Reached XP level 9. HP: 14/78 MP: 9/9
  6421 | D:6      | Slain by a wight

Illustrated notes

Levels and vault maps discovered:
D:1:      dpeg_arrival_leaves_temple_mockup, layout_loops_cross
D:2:      layout_basic, serial_rivers, chequers_serial_rivers_micro_b,
          chequers_serial_rivers_marsh, chequers_serial_rivers_small_b,
          chequers_serial_rivers_micro_c, chequers_serial_rivers_micro_c,
          chequers_serial_rivers_marsh
D:3:      minmay_bubble_buster, layout_basic,
          hellmonk_ecumenical_altar_crossroads, gammafunk_ghost_mausoleum,
          grunt_ministairs_2, serial_bayou_pond_a
D:4:      layout_basic, nicolae_eternal_life, uniq_ijyb, uniq_menkaure,
          uniq_edmund
D:5:      layout_basic, serial_shops, nicolae_shop_tiny_glass,
          chequers_serial_rivers_room_a
D:6:      layout_loops_ring, fedhas_altar_1, minmay_temple_entry_sparse_star
Temple:   nicolae_temple_two_arcs

Skill      XL: |  1  2  3  4  5  6  7  8 |
---------------+-------------------------+-----
Axes           | 3 4 5 6 8 9 12 | 12.1
Fighting       | 4 5 6 7 8 |  8.5
Armour         | |  3.2
Shields        | |  3.2

Action                     |  1- 3 |  4- 6 |  7- 9 || total
---------------------------+-------+-------+-------++-------
  Melee: War axe           |    74 |   103 |   166 ||   343
    Use: Potion            |       |     2 |       ||     2
         Scroll            |       |       |     3 ||     3
 Armour: Scale mail        |    31 |    15 |       ||    46
         Plate armour      |       |    59 |    93 ||   152
  Dodge: Dodged            |    37 |    36 |    37 ||   110
  Block: Buckler           |    19 |    37 |    40 ||    96
